 Dungeon Crawl Stone Soup version 0.27.1-33-g824d729ab1 (webtiles) character file.

Game seed: 10514235074249729289

158 lordive the Cudgeller (level 5, 0/52 HPs)
             Began as a Troll Monk on Dec 27, 2021.
             Slain by an orc wizard (1 damage)
             ... on level 3 of the Dungeon.
             The game lasted 00:02:53 (1890 turns).

lordive the Cudgeller (Troll Monk)                  Turns: 1890, Time: 00:02:54

Health: 0/52       AC:  4    Str: 20    XL:     5   Next: 16%
Magic:  4/4        EV: 10    Int:  6    God:
Gold:   134        SH:  0    Dex: 12    Spells: 4/4 levels left

rFire    . . .     SeeInvis .   a - +0 mace
rCold    . . .     Faith    .   (no shield)
rNeg     . . .     Spirit   .   b - +0 robe
rPois    .         Reflect  .   (helmet restricted)
rElec    .         Harm     .   (no cloak)
rCorr    .         Rampage  .   (gloves unavailable)
Will     .....                  (boots unavailable)
Stlth    ++........             (no amulet)
HPRegen  1.17/turn              (no ring)
MPRegen  0.09/turn              (no ring)

@: no status effects
A: large, unfitting armour, claws 3, regeneration 1, shaggy fur 1, tough skin 1
a: no special abilities


You were on level 3 of the Dungeon.
You visited 1 branch of the dungeon, and saw 3 of its levels.

You collected 134 gold pieces.

Inventory:

Hand Weapons
 a - a +0 mace (weapon)
Armour
 b - a +0 robe (worn)
Jewellery
 i - a ring of ice
Scrolls
 d - 2 scrolls of identify {unknown}
 g - a scroll of vulnerability {unknown}
 l - a scroll of enchant weapon {unknown}
 n - 2 scrolls of teleportation {unknown}
Potions
 c - 2 potions of attraction {unknown}
 e - a potion of flight {unknown}
 f - 2 potions of mutation {unknown}
 h - a potion of haste {unknown}
 j - a potion of invisibility {unknown}
 k - a potion of might {unknown}
 m - a potion of curing {unknown}
 o - a potion of ambrosia {unknown}


   Skills:
 + Level 2.9 Fighting
 + Level 4.1 Maces & Flails
 + Level 3.5 Dodging
 + Level 1.1 Stealth


You had 4 spell levels left.
You didn't know any spells.
Your spell library was empty.

Dungeon Overview and Level Annotations

Branches:
Dungeon (3/15)

Altars:

Shops:
D:2 [*[


Innate Abilities, Weirdness & Mutations

You are too large for most types of armour.
You have claws for hands.
Your natural rate of healing is unusually fast.
You are covered in fur. (AC +1)
You have tough skin. (AC +1)


Message History

You miss the orc.
The orc is heavily wounded.
The orc misses you. Something hits you.
* * * LOW HITPOINT WARNING * * *
The orc hits you with a +0 mace.
* * * LOW HITPOINT WARNING * * *
You closely miss the orc.
The orc is heavily wounded.
Something hits you but does no damage. The orc completely misses you.
Something hits you but does no damage.
You're too confused to move!
The orc misses you. Something hits you but does no damage.
You bump into the rock wall.
The orc closely misses you. Something hits you but does no damage.
You closely miss something. The orc closely misses you.
Something hits you but does no damage.
You miss something. The orc closely misses you. Something hits you.
* * * LOW HITPOINT WARNING * * *
You bump into the rock wall.
The orc closely misses you. Something hits you but does no damage.
You miss the orc.
The orc is heavily wounded.
You feel less confused. The orc completely misses you.
Something hits you but does no damage.
You hit the orc.
The orc is almost dead.
The orc hits you with a +0 mace.
* * * LOW HITPOINT WARNING * * *
You hear some strange, mumbled words.
A magic dart appears from out of thin air!
The magic dart hits you.
* * * LOW HITPOINT WARNING * * *
The orc hits you with a +0 mace.
* * * LOW HITPOINT WARNING * * *
You closely miss the orc.
The orc is almost dead.
Something hits you.
* * * LOW HITPOINT WARNING * * *
The orc barely misses you. Something hits you.
You die...

#.#####.####.#
#............#(..#
#######.####.#.≈.#
+ #.# #.#...# ..
#.# #.#.≈.# ...
#.# #.#...#o#..
#.# ##≈.≈.≈.{o#
#{#####.≈.≈.##..
#.@o)).....?....
################


You could see an orc.

Vanquished Creatures
  2 orc wizards (D:3)
  4 adders
  A gnoll (D:1)
  3 dart slugs
  5 orcs (D:3)
  6 bats (D:1)
  6 endoplasms
  A giant cockroach (D:3)
  3 goblins (D:1)
  4 hobgoblins
  5 jackals
  4 kobolds
  2 quokkas
  5 ball pythons
  2 frilled lizards
  4 rats
57 creatures vanquished.

Notes
Turn   | Place    | Note
-------+----------+-------------------------------------------
     0 | D:1      | lordive the Troll Monk began the quest for the Orb.
     0 | D:1      | Reached XP level 1. HP: 22/22 MP: 0/0
    21 | D:1      | Reached skill level 3 in Maces & Flails
    59 | D:1      | Reached XP level 2. HP: 29/29 MP: 1/1
   291 | D:1      | Reached XP level 3. HP: 36/36 MP: 2/2
   576 | D:2      | Found Arobb's Antique Armour Emporium.
   771 | D:2      | Found Esafegg's Assorted Antiques.
  1061 | D:2      | Reached XP level 4. HP: 36/44 MP: 3/3
  1224 | D:2      | Found Turch's Armour Shoppe.
  1459 | D:3      | Reached skill level 4 in Maces & Flails
  1459 | D:3      | Reached XP level 5. HP: 51/52 MP: 4/4
  1881 | D:3      | HP: 2/52 [orc (5)]
  1889 | D:3      | HP: 2/52 [something/magic dart (4)]
  1890 | D:3      | Slain by an orc wizard

Illustrated notes

Levels and vault maps discovered:
D:1:      minmay_arrival_up_and_down, layout_rooms
D:2:      layout_loops_corners, serial_shops, shop, nicolae_shop_behind_doors,
          shop
D:3:      layout_loops_ring, mainiacjoe_overflow_surrounded_room,
          nicolae_ru_path_of_blood, dk_noncrumbling_2, uniq_jessica

Skill      XL: |  1  2  3  4 |
---------------+-------------+-----
Maces & Flails | 3 4 |  4.1
Dodging        | 3 |  3.5
Fighting       | |  2.9
Stealth        | |  1.1

Action                   |  1- 3 |  4- 6 || total
-------------------------+-------+-------++-------
Melee: Mace              |   128 |   113 ||   241
 Stab: Sleeping          |     1 |       ||     1
Armor: Robe              |    58 |    69 ||   127
Dodge: Dodged            |    78 |    77 ||   155
